 Dungeon Crawl Stone Soup version 0.27.1-16-g815e20cd7a (webtiles) character file.

Game seed: 12613098667068592169

194 Descartes the Magician (level 5, -6/28 HPs)
             Began as a Deep Elf Wanderer on Nov 21, 2021.
             Killed from afar by a steam dragon (15 damage)
             ... with a ball of steam
             ... on level 3 of the Dungeon.
             The game lasted 00:09:36 (3885 turns).

Descartes the Magician (Deep Elf Wanderer)          Turns: 3885, Time: 00:09:36

Health: -6/28      AC:  5    Str:  9 (10) XL:     5   Next: 44%
Magic:  11/15      EV: 11    Int: 17      God:
Gold:   131        SH:  0    Dex: 11 (14) Spells: 14/15 levels left

rFire    . . .     SeeInvis .   a - +0 dagger
rCold    . . .     Faith    .   (no shield)
rNeg     . . .     Spirit   .   n - +0 leather armour
rPois    .         Reflect  .   (no helmet)
rElec    .         Harm     .   v - +0 cloak
rCorr    .         Rampage  .   f - +0 pair of gloves
Will     .....                  (no boots)
Stlth    ++........             (no amulet)
HPRegen  0.09/turn              (no ring)
MPRegen  0.14/turn              (no ring)

@: mighty
A: deterioration 1
a: no special abilities


You were on level 3 of the Dungeon.
You visited 1 branch of the dungeon, and saw 3 of its levels.

You collected 131 gold pieces.

Inventory:

Hand Weapons
 a - a +0 dagger (weapon)
Missiles
 e - 43 poisoned darts
 k - a curare-tipped dart
 l - 27 sling bullets
 q - 53 arrows
 s - 27 stones
Armour
 f - a +0 pair of gloves (worn)
 n - a +0 leather armour (worn)
 v - a +0 cloak (worn)
Scrolls
 d - a scroll of summoning {unknown}
 g - a scroll of fear {unknown}
 h - 2 scrolls of enchant armour {unknown}
 i - a scroll of brand weapon {unknown}
 o - 2 scrolls of teleportation {unknown}
 p - 3 scrolls of identify {unknown}
 r - 2 scrolls of amnesia {unknown}
 t - a scroll of noise {unknown}
 u - a scroll of blinking {unknown}
Potions
 c - 2 potions of lignification
 j - a potion of attraction


   Skills:
 + Level 2.2 Dodging
 + Level 2.9 Stealth
 - Level 1.0 Shields
 - Level 5.8 Spellcasting
 - Level 5.0 Conjurations
 - Level 1.3 Hexes
 - Level 1.1 Summonings
 - Level 1.1 Ice Magic


You had 14 spell levels left.
You knew the following spells:

 Your Spells              Type           Power      Damage    Failure   Level
a - Magic Dart            Conj           84%        1d7       2%          1

Your spell library contained the following spells:

 Spells                   Type           Power      Damage    Failure   Level
 Searing Ray              Conj           42%        3d4       3%          2
 Dazzling Flash           Conj/Hex       30%        N/A       16%         3
 Animate Skeleton         Necr           8%         N/A       19%         1
 Pain                     Necr           16%        1d4       19%         1
 Corpse Rot               Necr/Air       N/A        N/A       28%         2
 Sublimation of Blood     Necr           2%         N/A       28%         2
 Fulminant Prism          Conj/Hex       7%         3d7       45%         4
 Vampiric Draining        Necr           2%         2d6       50%         3
 Iskenderun's Mystic Bla  Conj/Tloc      13%        2d5       54%         4


Dungeon Overview and Level Annotations

Branches:
Dungeon (3/15)

Altars:
Cheibriados
The Shining One


Innate Abilities, Weirdness & Mutations

Your body sometimes deteriorates upon taking damage.


Message History

Aiming: Magic Dart (safe; 2% risk of failure)
Press: ? - help, Shift-Dir - straight line, f/p - steam dragon
Aim: a steam dragon (lightly wounded, 100% to hit)
You miscast Magic Dart.
You are very lightly contaminated with residual magic.
Nothing appears to happen.
Casting: Magic Dart (safe; 2% risk of failure)
Confirm with . or Enter, or press ? or * to list all spells.
Aiming: Magic Dart (safe; 2% risk of failure)
Press: ? - help, Shift-Dir - straight line, f/p - steam dragon
Aim: a steam dragon (lightly wounded, 100% to hit)
The magic dart hits the steam dragon.
The steam dragon is moderately wounded.
Casting: Magic Dart (safe; 2% risk of failure)
Confirm with . or Enter, or press ? or * to list all spells.
Aiming: Magic Dart (safe; 2% risk of failure)
Press: ? - help, Shift-Dir - straight line, f/p - steam dragon
Aim: a steam dragon (moderately wounded, 100% to hit)
The magic dart hits the steam dragon.
The steam dragon is heavily wounded.
Casting: Magic Dart (safe; 2% risk of failure)
Confirm with . or Enter, or press ? or * to list all spells.
Aiming: Magic Dart (safe; 2% risk of failure)
Press: ? - help, Shift-Dir - straight line, f/p - steam dragon
Aim: a steam dragon (heavily wounded, 100% to hit)
The magic dart hits the steam dragon.
The steam dragon is heavily wounded.
The steam dragon breathes steam at you. The ball of steam hits you!
Ouch! That really hurt!
You are engulfed in a cloud of scalding steam.
Unknown command.
Your magical contamination has completely faded away.
You feel very mighty all of a sudden.
Your leather armour prevents you from hitting the steam dragon.
The steam dragon is heavily wounded.
The steam dragon breathes steam at you. The ball of steam hits you!
Ouch! That really hurt!
You die...

.# #.# .# #.# .#
#####.# .. ...#.#
.## ##.#.#
#####.### ..
#....###.......#
##.....##.###.#.#
+.......#D###.#
#........@....#
#..........####
#.# ##.........#
#.# .##......#..#
#.# .##.#...##..#
#.# .##.##.###..#
#.# .## .. ^...
#.# .# ##. #..##
#.# .#


You could see a steam dragon (catching breath).

Vanquished Creatures
  A kobold brigand (D:2)
  4 adders
  A white imp (D:3)
  An adder skeleton (D:3)
  A worm (D:2)
  3 dart slugs
  An orc (D:2)
  8 ball pythons
  7 endoplasms
  A giant cockroach (D:3)
  7 goblins
  5 hobgoblins
  6 kobolds
  2 quokkas
  4 bats
  6 frilled lizards
  A goblin skeleton (D:3)
  2 hobgoblin zombies (D:3)
  A kobold skeleton (D:3)
  A kobold zombie (D:3)
  3 orc skeletons (D:3)
  8 rats
74 creatures vanquished.

Vanquished Creatures (others)
  3 fungi (D:3)
3 creatures vanquished.

Grand Total: 77 creatures vanquished

Notes
Turn   | Place    | Note
-------+----------+-------------------------------------------
     0 | D:1      | Descartes the Deep Elf Wanderer began the quest for the
                  | Orb.
     0 | D:1      | Descartes set off with the following items: a +0 dagger, a
                  | +0 robe, a potion of lignification; and the following spell
                  | memorised: Magic Dart; and the following spells available
                  | to memorise: Searing Ray, Corpse Rot, Sublimation of Blood,
                  | Dazzling Flash, Fulminant Prism, Iskenderun's Mystic Blast
     0 | D:1      | Reached XP level 1. HP: 10/10 MP: 9/9
   385 | D:1      | Reached XP level 2. HP: 15/15 MP: 7/10
  1097 | D:2      | Reached XP level 3. HP: 19/19 MP: 2/12
  2168 | D:2      | Reached XP level 4. HP: 17/24 MP: 6/13
  2328 | D:3      | Found a snail-covered altar of Cheibriados.
  2383 | D:3      | Found a glowing golden altar of the Shining One.
  2793 | D:3      | Noticed a kobold brigand
  2802 | D:2      | HP: 1/36 [kobold brigand (3)]
  2803 | D:2      | Gained mutation: Your body sometimes deteriorates upon
                  | taking damage. [potion of mutation]
  2812 | D:2      | Killed a kobold brigand
  2813 | D:2      | Reached skill level 5 in Conjurations
  2813 | D:2      | Reached skill level 1 in Dodging
  2813 | D:2      | Reached XP level 5. HP: 3/28 MP: 15/15
  3652 | D:3      | Found a faded altar of an unknown god.
  3875 | D:3      | Noticed a steam dragon
  3885 | D:3      | Killed from afar by a steam dragon

Illustrated notes

Levels and vault maps discovered:
D:1:      minmay_arrival_stair_chambers, layout_loops_cross,
          hangedman_decor_diamond_cutter, st_stairs_5
D:2:      layout_loops_ring
D:3:      layout_loops_ring, lemuel_round_altar, nicolae_tso_besieged_by_evil,
          serial_shops, nicolae_lakefront_shop,
          shapermc_ecumenical_altar_ellora, gammafunk_ghost_smash,
          minmay_ogre_servants

Skill      XL: |  1  2  3  4  5 |
---------------+----------------+-----
Conjurations   | 2 3 4 5 |  5.0
Dodging        | 1 2 |  2.2
Stealth        | 2 |  2.9
Shields        | |  1.0
Spellcasting   | |  5.8
Hexes          | |  1.3
Summonings     | |  1.1
Ice Magic      | |  1.1

Action                   |  1- 3 |  4- 6 || total
-------------------------+-------+-------++-------
Melee: Dagger            |       |     8 ||     8
 Cast: Magic Dart        |    98 |    78 ||   176
  Use: Potion            |       |     7 ||     7
 Stab: Invisible         |       |     1 ||     1
Armor: Robe              |     2 |       ||     2
       Leather armour    |     3 |     2 ||     5
       Skin              |       |    12 ||    12
Dodge: Dodged            |    10 |    10 ||    20
